 Dungeon Crawl Stone Soup version 0.22-a0-469-gf26638a71f (webtiles) character file.

60 Manul the Slasher (level 3, 0/27 HPs)
             Began as a Demonspawn Gladiator on June 12, 2018.
             Succumbed to a worker ant's poison
             ... on level 4 of the Dungeon.
             The game lasted 00:01:53 (984 turns).

Manul the Slasher (Demonspawn Gladiator)             Turns: 984, Time: 00:01:54

Health: 0/27       AC:  6    Str: 14    XL:     3   Next: 80%
Magic:  3/3        EV: 12    Int: 14    God:
Gold:   92         SH:  0    Dex: 15    Spells: 2/2 levels left

rFire    . . .     SeeInvis .   a - +0 long sword
rCold    + . .     Gourm    .   (no shield)
rNeg     . . .     Faith    .   p - +0 ring mail
rPois    .         Spirit   .   c - +0 helmet
rElec    .         Reflect  .   (no cloak)
rCorr    .         Harm     .   (no gloves)
MR       .....                  (no boots)
Stlth    +.........             (no amulet)
HPRegen  0.09/turn              m - ring of flight
MPRegen  0.08/turn              (no ring)

@: brilliant, lethally poisoned (0 -> -12), flying, very slightly contaminated,
invisible
A: cold resistance 1
a: no special abilities


You were on level 4 of the Dungeon.
You were not hungry.

You visited 1 branch of the dungeon, and saw 3 of its levels.

You collected 92 gold pieces.

Inventory:

Hand Weapons
 a - a +0 long sword (weapon)
Missiles
 d - 3 throwing nets (quivered)
Armour
 b - a +0 leather armour
 c - a +0 helmet (worn)
 p - a +0 ring mail (worn)
Jewellery
 m - a ring of flight (left hand)
Scrolls
 e - a scroll of fear {unknown}
 j - a scroll of remove curse {unknown}
 k - a scroll of enchant armour {unknown}
 l - a scroll of identify {unknown}
Comestibles
 f - 3 rations
 n - a chunk of flesh


   Skills:
 + Level 2.2 Fighting
 + Level 3.7 Long Blades
 + Level 1.8 Throwing
 + Level 0.8 Armour
 + Level 2.9 Dodging
 + Level 0.2 Stealth


You had 2 spell levels left.
You didn't know any spells.
Your spell library was empty.

Dungeon Overview and Level Annotations

Branches:
Dungeon (2/15)

Altars:


Innate Abilities, Weirdness & Mutations

Your flesh is cold resistant. (rC+)


Message History

The worker ant bites you but does no damage.
You slash the worker ant!
You kill the worker ant!
You feel sick.
* * * LOW HITPOINT WARNING * * *
You feel sick.
* * * LOW HITPOINT WARNING * * *
You feel sick.
* * * LOW HITPOINT WARNING * * *
You feel sick.
* * * LOW HITPOINT WARNING * * *
You feel sick.
* * * LOW HITPOINT WARNING * * *
You feel sick.
* * * LOW HITPOINT WARNING * * *
You feel sick.
* * * LOW HITPOINT WARNING * * *
You feel sick.
A giant cockroach comes into view.
You die...

#).# #.##
#.#
#.######.#
#......).#
#..#######
.## #..#
s....####..#
#...@..$#
#........##
##########


You could see a giant cockroach (sleeping).

Vanquished Creatures
  A worker ant (D:4)
  2 dart slugs
  3 orcs (D:4)
  2 ball pythons
  4 bats (D:2)
  A giant cockroach (D:1)
  3 goblins (D:1)
  2 frilled lizards
  6 kobolds
  5 rats
29 creatures vanquished.

Notes
Turn   | Place    | Note
-------+----------+-------------------------------------------
     0 | D:1      | Manul the Demonspawn Gladiator began the quest for the Orb.
     0 | D:1      | Reached XP level 1. HP: 16/16 MP: 1/1
   120 | D:1      | Reached skill level 3 in Long Blades
   162 | D:1      | Gained mutation: Your flesh is cold resistant. (rC+) [demonic ancestry]
   162 | D:1      | Reached XP level 2. HP: 21/22 MP: 2/2
   748 | D:2      | Reached XP level 3. HP: 22/27 MP: 3/3
   787 | D:2      | You fall through a shaft for 2 floors!
   983 | D:4      | HP: 1/27 [poisoned by a worker ant]
   984 | D:4      | Succumbed to a worker ant's poison

Vault maps used:
D:1:      tarquinn_simple_flora_water_a
D:2:      minmay_octomino_e4
D:4:      first_ration

Skill      XL: |  1 |
---------------+----+-----
Long Blades    | 3 |  3.7
Fighting       | |  2.2
Throwing       | |  1.8
Armour         | |  0.8
Dodging        | |  2.9
Stealth        | |  0.2

Action                   || total
-------------------------++-------
Melee: Long sword        ||    73
  Use: Potion            ||     4
Armor: Leather armour    ||    15
       Ring mail         ||     4
Dodge: Dodged            ||    63
       Rpst.: Long sword ||    16

Table legend:
 A = Spawn XP
 B = Non-spawn XP
 C = Spawn XP percentage of total XP
 D = Spawn monster count
 E = Non-spawn monster count
 F = Spawn count percentage of total count
 G = Total turns spent on level
                    A         B        C        D         E        F      G
               +---------+---------+-------+---------+---------+-------+---------
         Total |       0 |      86 |   0.0 |       0 |      29 |   0.0 |   984
               +---------+---------+-------+---------+---------+-------+---------
           D:1 |       0 |      22 |   0.0 |       0 |      12 |   0.0 |   636
           D:2 |       0 |      20 |   0.0 |       0 |      12 |   0.0 |   151
           D:4 |       0 |      44 |   0.0 |       0 |       5 |   0.0 |   197
               +---------+---------+-------+---------+---------+-------+---------
